 Dungeon Crawl Stone Soup version 0.29.1-1-gd02db6906a (webtiles) character file.

Game seed: 10139929583435435087

104903 sizableburger the Zephyrmancer (level 15, -3/88 HPs)
             Began as a Deep Elf Air Elementalist on Oct 13, 2022.
             Was the Champion of the Shining One.
             Blown up by an orb spider (63 damage)
             ... with an orb of destruction
             ... on level 1 of the Spider Nest.
             The game lasted 01:50:29 (39607 turns).

sizableburger the Zephyrmancer (DEAE)              Turns: 39607, Time: 01:50:29

Health: -3/88      AC: 17    Str:  5    XL:     15   Next: 93%
Magic:  37/42      EV: 18    Int: 28    God:    the Shining One [******]
Gold:   1562       SH: 11    Dex: 15    Spells: 5/38 levels left

rFire   . . .      SeeInvis .   Q - staff of air
rCold   . . .      Faith    .   v - +0 buckler
rNeg    + + +      Spirit   .   y - +1 acid dragon scales
rPois   +          Reflect  +   k - +2 helmet
rElec   +          Harm     .   a - +2 cloak {rPois}
rCorr   +          Rampage  .   U - +1 pair of gloves
Will    +....                   c - +0 pair of boots
Stlth   +.........              z - amulet of reflection
HPRegen 0.24/turn               H - ring of Cigine {MP+9 Slay+3}
MPRegen 0.28/turn               K - +4 ring of evasion

@: lethally poisoned (-3 -> -37), swift, slowed, glowing
A: no striking features
a: Renounce Religion, Divine Shield, Cleansing Flame, Summon Divine Warrior,
Brand Weapon With Holy Wrath


You were on level 1 of the Spider Nest.
You worshipped the Shining One.
The Shining One was exalted by your worship.
You visited 5 branches of the dungeon, and saw 24 of its levels.
You also visited: Ice Cave and Volcano.

You collected 2234 gold pieces.
You spent 672 gold pieces at shops.

Inventory:

Armour
 a - a +2 cloak of poison resistance (worn)
 c - a +0 pair of boots (worn)
 k - a +2 helmet (worn)
 v - a +0 buckler (worn)
 y - +1 acid dragon scales (worn)
 U - a +1 pair of gloves (worn)
Magical Staves
 o - a staff of cold
 Q - a staff of air (weapon)
Jewellery
 b - a ring of see invisible
 d - a +4 ring of protection
 p - an amulet of regeneration
 q - a +6 ring of strength
 r - a ring of magical power
 w - an amulet of guardian spirit
 z - an amulet of reflection (around neck)
 H - the ring of Cigine (left hand) {MP+9 Slay+3}
   (You found it on level 1 of the Lair of Beasts)

   [ring of magical power]

   Slay:      It affects your accuracy & damage with ranged weapons and melee
   (+3).
   MP:        It affects your magic capacity (+9).
 K - a +4 ring of evasion (right hand)
 N - a ring of willpower
 O - a ring of protection from fire
Wands
 e - a wand of digging (2)
 B - a wand of mindburst (8)
 D - a wand of flame (21)
 E - a wand of paralysis (31)
 F - a wand of roots (12)
 I - a wand of quicksilver (5)
 P - a wand of polymorph (3)
Scrolls
 f - a scroll of teleportation
 g - 2 scrolls of identify
 t - 4 scrolls of poison
 u - 4 scrolls of silence
 x - 3 scrolls of butterflies
 J - 3 scrolls of fear
Potions
 h - 9 potions of ambrosia
 i - 5 potions of attraction
 j - 4 potions of flight
 l - 10 potions of curing
 m - 3 potions of mutation
 n - a potion of magic
 s - a potion of brilliance
 C - 6 potions of haste
 G - 4 potions of lignification
 M - 2 potions of cancellation
 R - a potion of experience {unknown}
 S - 2 potions of might {unknown}
 T - a potion of resistance {unknown}


   Skills:
 - Level 8.2 Fighting
 + Level 5.3 Staves
 - Level 4.3 Armour
 - Level 10.2 Dodging
 - Level 2.4 Stealth
 - Level 6.6 Shields
 - Level 12.0 Spellcasting
 - Level 10.0 Conjurations
 - Level 5.0 Hexes
 - Level 6.5 Summonings
 - Level 4.3 Translocations
 + Level 2.5 Transmutations
 + Level 2.5 Fire Magic
 - Level 12.3 Air Magic
 + Level 5.9 Poison Magic
 - Level 9.3 Invocations
 - Level 11.3 Evocations


You had 5 spell levels left.
You knew the following spells:

 Your Spells              Type           Power      Damage    Failure   Level
a - Shock                 Conj/Air       100%       1d9       1%          1
b - Swiftness             Air            91%        N/A       1%          3
c - Airstrike             Air            45%        2d(7-23)  1%          4
d - Dazzling Flash        Conj/Hex       100%       N/A       1%          3
e - Apportation           Tloc           80%        N/A       1%          1
f - Iskenderun's Mystic   Conj/Tloc      54%        2d12      4%          4
g - Static Discharge      Conj/Air       87%        3-14/arc  1%          2
h - Lightning Bolt        Conj/Air       43%        1d63      2%          5
i - Call Canine Familiar  Summ           52%        N/A       1%          3
j - Olgreb's Toxic Radia  Pois           50%        N/A       8%          4
k - Ignite Poison         Fire/Tmut/Pois 37%        N/A       5%          3

Your spell library contained the following spells:

 Spells                   Type           Power      Damage    Failure   Level
 Foxfire                  Conj/Fire      100%       2x1d9     1%          1
 Sting                    Tmut/Pois      100%       1d8       1%          1
 Summon Small Mammal      Summ           100%       N/A       1%          1
 Poisonous Vapours        Pois/Air       100%       N/A       1%          2
 Conjure Flame            Conj/Fire      51%        6-21      1%          3
 Summon Guardian Golem    Hex/Summ       49%        N/A       2%          3
 Ensorcelled Hibernation  Hex/Ice        60%        N/A       4%          2
 Inner Flame              Hex/Fire       37%        N/A       5%          3
 Flame Wave               Conj/Fire      51%        2d13      6%          4
 Sticky Flame             Conj/Fire      51%        2d7       6%          4
 Corpse Rot               Necr/Pois/Air  66%        N/A       7%          4
 Passwall                 Tmut/Erth      19%        N/A       8%          2
 Freeze                   Ice            64%        1d8       9%          1
 Necrotise                Necr           64%        1d7       9%          1
 Hailstorm                Conj/Ice       44%        3d10      11%         4
 Frozen Ramparts          Ice            32%        1d5       26%         3
 Ozocubu's Armour         Ice            16%        N/A       26%         3
 Dispel Undead            Necr           16%        3d10      63%         4
 Agony                    Necr           16%        N/A       93%         5
 Starburst                Conj/Fire      25%        6d8       69%         6
 Maxwell's Capacitive Co  Air            45%        ∞         98%         8
 Death Channel            Necr           8%         N/A       100%        6
 Ozocubu's Refrigeration  Ice            8%         4d9       100%        7


Dungeon Overview and Level Annotations

Branches:
Dungeon (15/15)            Temple (1/1) D:5            Lair (5/5) D:8
  Swamp (0/4) Lair:2       Spider (1/4) Lair:3        Slime (0/5) Lair:5
    Orc (2/2) D:9             Elf (0/3) Orc:2        Vaults (0/5) D:14
 Depths (0/4) D:15          IceCv (visited)         Volcano (visited)

Altars:
Ashenzari
Cheibriados
Dithmenos
Elyvilon
Fedhas
Gozag
Hepliaklqana
Kikubaaqudgha
Makhleb
Nemelex Xobeh
Okawaru
Qazlal
Ru
Sif Muna
Trog
Uskayaw
Vehumet
Wu Jian
Xom
Yredelemnul
Zin
The Shining One
Jiyva

Shops:
D:8 *   D:10 (   Orc:2 [*[:

Annotations:
D:5 1 runed translucent door
D:12 3 runed translucent doors, pdpol's ghost, journeyman SpHu


Message History

The culicivora is moderately wounded.
The mystic blast hits the redback!
The redback is moderately wounded.
The redback is knocked back by the mystic blast.
The redback slams into the rock wall!
The redback is severely wounded.
The mystic blast hits the jumping spider!
The jumping spider is moderately wounded.
The jumping spider is knocked back by the mystic blast.
The mystic blast hits the radroach!
The radroach is lightly wounded.
The radroach is knocked back by the mystic blast.
The radroach slams into the rock wall!
The radroach is lightly wounded.
The mystic blast hits the redback!
The redback is moderately wounded.
The redback is knocked back by the mystic blast.
The redback collides with the culicivora!
The culicivora is severely wounded.
The redback is severely wounded.
The mystic blast hits the redback!
The redback is heavily wounded.
The redback is knocked back by the mystic blast.
The redback slams into the rock wall!
The redback is almost dead.
The mystic blast hits the redback!!
The redback is severely wounded.
The redback is knocked back by the mystic blast.
The mystic blast hits the torpor snail!
The torpor snail is lightly wounded.
The torpor snail is knocked back by the mystic blast.
The jumping spider leaps!
The orb spider weaves a glowing orb of energy.
You block the redback's attack. x2; The redback bites you.
You are poisoned.
The redback poisons you! The redback completely misses you.
An orb of destruction comes into view.
You feel extremely sick. The orb of destruction hits you!!!
Ouch! That really hurt!
You die...

#..s#..?#.#.s.
......#...#...#..s.. ##
#.....##..#...#...## #..
......##.....#..... #..#
......#.....(?....
#..###....###s.s......
..##s.s#....#.....######
.....○☼ss...#....##.^..
.....ss@s.B[............
##....s....[...^>.......
#^...##Bs.s...###.......
##.. #....w...# ######.
## ####.....# #.......
.......... ..........


You could see a radroach, a torpor snail, an orb spider, 2 culicivoras, a
pharaoh ant, 3 jumping spiders and 4 redbacks.

Vanquished Creatures
  Nessos (Lair:4)
  7 hydras
  2 boulder beetles (D:12)
  The ghost of Godmorgon the Thaumaturge, a journeyman DjIE of Makhleb (Lair:1)
  3 centaur warriors
  2 ogre magi (D:15)
  The ghost of Fractals the Fighter, a journeyman KoBr of Gozag (Lair:1)
  7 two-headed ogres
  A death knight (D:15)
  A tengu warrior (D:13)
  7 orc high priests (Orc:2)
  Urug (Lair:4)
  Nergalle (Lair:3)
  A skeletal warrior (D:15)
  Amaemon (Lair:2)
  A pharaoh ant (Lair:3)
  A glowing orange brain (shapeshifter) (D:12)
  2 goliath frogs (Lair:5)
  A glowing orange brain (D:12)
  The ghost of Godmorgon the Destroyer, a novice TeCj of Vehumet (D:7)
  An obsidian statue (D:13)
  A wizard (D:15)
  2 phantasmal warriors (D:14)
  3 deep elf pyromancers
  An orc knight (Orc:2)
  3 necromancers
  3 wolf spiders (Spider:1)
  2 deep elf zephyrmancers (D:15)
  3 orc sorcerers (Orc:2)
  A cyclops (shapeshifter) (D:12)
  20 ugly things
  3 manticores
  6 cyclopes
  12 elephants
  2 black mambas (Lair:4)
  A naga mage (D:15)
  Maurice (D:13)
  21 cane toads
  2 centaur skeletons (D:15)
  3 torpor snails
  An unseen horror (D:11)
  A gargoyle (D:13)
  An orange demon (Lair:2)
  5 rime drakes
  A tengu conjurer (D:13)
  2 demonic crawlers
  2 freezing wraiths (D:15)
  4 komodo dragons
  A harpy zombie (D:15)
  A queen bee (shapeshifter) (D:14)
  5 tyrant leeches
  19 blink frogs
  A wolf spider simulacrum (D:15)
  8 tarantellas
  7 trolls
  17 dream sheep
  9 slime creatures
  A jumping spider (Spider:1)
  A centaur simulacrum (D:14)
  4 culicivoras
  4 shadows
  2 wraiths
  47 yaks
  A dire elephant simulacrum (IceCv)
  2 vampires
  3 basilisks
  The ghost of nshep25 the Chopper, an amateur MiFi (D:3)
  A fire elemental (D:12)
  4 wyverns
  A basilisk (shapeshifter) (D:14)
  3 steam dragons (Volcano)
  5 vampire mosquitoes
  17 redbacks
  2 death yak simulacra (IceCv)
  8 wargs
  2 two-headed ogre zombies (D:9)
  3 acid dragons
  Edmund (D:6)
  15 water moccasins
  A hydra simulacrum (IceCv)
  2 hell hounds (Lair:2)
  6 ice beasts
  A black bear (shapeshifter) (D:14)
  A black bear (D:8)
  13 orc warriors
  11 ogres
  5 boggarts (D:14)
  16 wolves
  7 centaurs
  2 phantoms (D:9)
  18 bullfrogs
  2 kobold brigands
  A gnoll sergeant (D:11)
  12 scorpions (D:5)
  9 wights
  A troll zombie (D:9)
  18 killer bees
  2 howler monkeys
  3 electric eels (D:11)
  5 jellies
  A hound (D:5)
  36 orc priests
  Crazy Yiuf (D:2)
  3 iguanas
  A boggart zombie (D:15)
  13 orc wizards
  4 hell rats (Lair:1)
  5 ogre zombies (D:9)
  5 adders
  15 gnolls
  2 river rats (Lair:1)
  2 shadow imps
  3 white imps
  2 ufetubi
  A worm (D:4)
  2 dart slugs
  84 orcs
  9 endoplasms
  9 giant cockroaches
  5 hobgoblins
  2 jackals (D:2)
  6 quokkas
  2 ball pythons
  4 bats
  6 frilled lizards
  12 goblins
  5 goblin zombies (D:9)
  A hobgoblin skeleton (D:9)
  2 hobgoblin zombies (D:9)
  10 kobolds
  5 orc skeletons (D:9)
  12 orc zombies (D:9)
  12 rats
765 creatures vanquished.

Vanquished Creatures (collateral kills)
  A hydra (D:15)
  A cane toad (Lair:4)
  A komodo dragon (Lair:5)
  2 blink frogs (Lair:5)
  A redback (Spider:1)
  2 bullfrogs (Lair:5)
8 creatures vanquished.

Vanquished Creatures (others)
  37 fungi
  97 plants
  6 withered plants (Lair:1)
140 creatures vanquished.

Grand Total: 913 creatures vanquished

Notes
Turn   | Place    | Note
-------+----------+-------------------------------------------
     0 | D:1      | sizableburger the Deep Elf Air Elementalist began the quest
                  | for the Orb.
     0 | D:1      | Reached XP level 1. HP: 10/10 MP: 6/6
   352 | D:1      | Reached XP level 2. HP: 15/15 MP: 6/8
   701 | D:1      | Reached XP level 3. HP: 19/19 MP: 7/10
  1332 | D:2      | Learned a level 3 spell: Swiftness
  1627 | D:2      | Reached XP level 4. HP: 24/24 MP: 9/12
  1758 | D:2      | Learned a level 4 spell: Airstrike
  2059 | D:2      | Found a faded altar of an unknown god.
  2114 | D:2      | Found a runed translucent door.
  2115 | D:2      | Noticed Crazy Yiuf
  2116 | D:2      | Identified the +8 hammer of the Onslaught {elec, rN+ Int+4}
  3012 | D:3      | Found a runed translucent door.
  3209 | D:3      | Noticed nshep25's ghost (amateur MiFi)
  3480 | D:3      | Reached XP level 5. HP: 28/28 MP: 14/14
  3632 | D:5      | Entered Level 5 of the Dungeon
  3643 | D:5      | Found a staircase to the Ecumenical Temple.
  3650 | Temple   | Entered the Ecumenical Temple
  4069 | Temple   | Became a worshipper of the Shining One
  4214 | D:5      | Reached skill level 5 in Spellcasting
  4222 | D:5      | Reached XP level 6. HP: 28/32 MP: 2/16
  4230 | D:5      | Noticed an ice beast
  4609 | D:3      | Reached skill level 5 in Dodging
  5239 | D:4      | Reached skill level 5 in Air Magic
  5738 | D:5      | Reached XP level 7. HP: 36/36 MP: 18/18
  6028 | D:5      | Found a runed translucent door.
  6030 | D:5      | Found a runed translucent door.
  6042 | D:5      | Reached skill level 1 in Fighting
  6042 | D:5      | Reached skill level 1 in Shields
  6068 | D:5      | Reached XP level 8. HP: 10/45 MP: 5/19
  6758 | D:6      | Reached * piety under the Shining One
  7195 | D:6      | Found an ornate altar of the Wu Jian Council.
  7195 | D:6      | Noticed Edmund
  7203 | D:6      | Killed Edmund
  7710 | D:2      | Killed Crazy Yiuf
  7925 | D:7      | Reached XP level 9. HP: 38/52 MP: 21/21
  8274 | D:7      | Found a runed translucent gate.
  8275 | D:7      | Found a runed translucent gate.
  8275 | D:7      | Found an opulent altar of Gozag.
  8276 | D:7      | Found a runed translucent gate.
  8280 | D:7      | Noticed a purple ugly thing
  8280 | D:7      | Noticed Godmorgon's ghost (novice TeCj)
  9016 | D:3      | Killed nshep25's ghost
  9224 | D:8      | Noticed a two-headed ogre
  9231 | D:8      | Killed a two-headed ogre
  9557 | D:8      | Reached skill level 5 in Fighting
  9636 | D:8      | Found Xumaten's Assorted Antiques.
  9771 | D:8      | Reached XP level 10. HP: 59/59 MP: 24/24
  9826 | D:8      | Found a staircase to the Lair.
 10093 | D:9      | Noticed a two-headed ogre
 10109 | D:9      | Killed a two-headed ogre
 10274 | D:9      | Reached ** piety under the Shining One
 10444 | D:9      | Found a staircase to the Orcish Mines.
 10491 | D:9      | Reached *** piety under the Shining One
 10633 | D:9      | Reached **** piety under the Shining One
 11063 | D:9      | Found the +7 great mace "Undeadhunter" {disrupt, rN+}
 11577 | D:9      | Noticed a two-headed ogre
 11587 | D:9      | Killed a two-headed ogre
 11588 | D:9      | Reached skill level 10 in Spellcasting
 11679 | D:10     | Entered Level 10 of the Dungeon
 11714 | D:10     | Found Inlyegy's Antique Weapon Emporium.
 11812 | D:10     | Reached XP level 11. HP: 64/65 MP: 27/27
 11828 | D:10     | Reached skill level 5 in Shields
 11892 | D:10     | Reached skill level 5 in Invocations
 12201 | D:10     | Reached ***** piety under the Shining One
 12646 | D:10     | Learned a level 3 spell: Dazzling Flash
 12932 | Lair:1   | Entered Level 1 of the Lair of Beasts
 13009 | Lair:1   | Noticed an eight-headed hydra
 13021 | Lair:1   | Killed an eight-headed hydra
 13022 | Lair:1   | Reached skill level 10 in Air Magic
 13301 | Lair:1   | Found a runed translucent gate.
 13301 | Lair:1   | Found a runed translucent gate.
 13301 | Lair:1   | Found a runed translucent gate.
 13302 | Lair:1   | Noticed Fractals's ghost (journeyman KoBr)
 13318 | Lair:1   | Reached skill level 1 in Hexes
 13965 | Lair:1   | Noticed Godmorgon's ghost (journeyman DjIE)
 14412 | Lair:1   | Killed Fractals's ghost
 14413 | Lair:1   | Reached skill level 1 in Armour
 14413 | Lair:1   | Reached skill level 1 in Evocations
 14476 | Lair:1   | Killed Godmorgon's ghost
 14637 | Lair:1   | Identified the ring of Cigine {MP+9 Slay+3}
 14806 | Lair:2   | Noticed Amaemon
 14880 | Lair:2   | Killed Amaemon
 14923 | Lair:1   | Reached XP level 12. HP: 39/72 MP: 1/28
 15115 | Lair:2   | Found a frozen archway.
 15129 | IceCv    | Entered an ice cave
 15278 | IceCv    | Found a transporter.
 15288 | IceCv    | Found a transporter.
 15309 | IceCv    | Learned a level 1 spell: Apportation
 15373 | Lair:2   | Found a dark tunnel.
 15398 | Volcano  | Entered a volcano
 15434 | Volcano  | Reached skill level 5 in Hexes
 15745 | Lair:2   | Reached skill level 5 in Conjurations
 16253 | Lair:2   | Learned a level 4 spell: Iskenderun's Mystic Blast
 16256 | Lair:2   | Found a staircase to the Swamp.
 16542 | Lair:3   | Noticed Nergalle
 16752 | Lair:2   | Reached skill level 1 in Translocations
 16932 | Lair:1   | Reached skill level 5 in Evocations
 17867 | Lair:3   | Found a hole to the Spider Nest.
 18268 | Lair:3   | Killed Nergalle
 18269 | Lair:3   | Reached XP level 13. HP: 76/76 MP: 19/29
 18379 | Orc:1    | Entered Level 1 of the Orcish Mines
 18511 | D:9      | Learned a level 2 spell: Static Discharge
 19078 | Orc:2    | Entered Level 2 of the Orcish Mines
 19108 | Orc:2    | Found a staircase to the Elven Halls.
 19720 | Orc:2    | Reached ****** piety under the Shining One
 20083 | Orc:2    | Found Pacig's Antique Armour Shoppe.
 20083 | Orc:2    | Found Faqaongaf's General Store.
 20488 | Orc:2    | Reached skill level 10 in Dodging
 20504 | Orc:2    | Found Puomoytye's Antique Armour Shoppe.
 20504 | Orc:2    | Found Qoffoist's Book Boutique.
 20632 | Orc:2    | Bought a book of Lightning for 432 gold pieces
 20638 | Orc:2    | Learned a level 5 spell: Lightning Bolt
 20638 | Orc:2    | Bought a book of Callings for 240 gold pieces
 20642 | Orc:2    | Learned a level 3 spell: Call Canine Familiar
 20965 | D:11     | Reached skill level 1 in Summonings
 21309 | D:11     | Found a burning altar of Makhleb.
 22585 | D:12     | Found a runed translucent gate.
 22586 | D:12     | Identified a scroll of acquirement
 22586 | D:12     | Acquired a Young Poisoner's Handbook
 22589 | D:12     | Found a runed translucent gate.
 22590 | D:12     | Found a runed translucent gate.
 23322 | D:12     | Found a glowing silver altar of Zin.
 23476 | Lair:1   | You fall into a shaft and drop 1 floor!
 24420 | Lair:4   | Noticed Nessos
 24427 | Lair:4   | Killed Nessos
 24625 | Lair:4   | Reached XP level 14. HP: 73/82 MP: 27/30
 25546 | Lair:4   | Noticed Urug
 25552 | Lair:4   | Killed Urug
 25653 | Lair:4   | Found a stormy altar of Qazlal.
 25701 | Lair:4   | Identified the +2 quarterstaff of Ragnarok {holy, rElec rN+
                  | Str+6}
 26293 | Lair:5   | Entered Level 5 of the Lair of Beasts
 26702 | Lair:4   | Reached skill level 5 in Summonings
 26897 | Lair:4   | The Shining One protects you from harm!
 26902 | Lair:4   | HP: 5/123 [/static electricity (7)]
 27359 | Lair:5   | Reached skill level 10 in Evocations
 28884 | Lair:5   | Reached skill level 10 in Conjurations
 29347 | Lair:5   | Found a viscous altar of Jiyva.
 29348 | Lair:5   | Found a staircase to the Slime Pits.
 30095 | D:7      | Killed Godmorgon's ghost
 30526 | D:13     | You fall into a shaft and drop 2 floors!
 30526 | D:15     | Entered Level 15 of the Dungeon
 31087 | D:15     | Paralysed by an ogre mage for 2 turns
 31375 | D:15     | Reached XP level 15. HP: 73/88 MP: 28/31
 32316 | D:14     | Found a gate to the Vaults.
 32361 | D:14     | Identified the +1 leather armour of Fortitude {Will+ Str+2
                  | SInv}
 33049 | D:13     | Learned a level 4 spell: Olgreb's Toxic Radiance
 33490 | D:13     | Reached skill level 1 in Staves
 33490 | D:13     | Reached skill level 1 in Poison Magic
 34429 | D:13     | Got Sif Muna's Directory of Conjuring and the Grave
 34554 | D:13     | Noticed Maurice
 34623 | D:13     | Killed Maurice
 35168 | D:12     | Found a runed translucent gate.
 35168 | D:12     | Found a runed translucent gate.
 35173 | D:12     | Noticed pdpol's ghost (journeyman SpHu)
 35178 | D:12     | Found a runed translucent gate.
 37229 | D:15     | Reached skill level 5 in Poison Magic
 37611 | D:15     | Found a staircase to the Depths.
 37939 | Lair:3   | Learned a level 3 spell: Ignite Poison
 37942 | Spider:1 | Entered Level 1 of the Spider Nest
 37989 | Spider:1 | Reached skill level 1 in Transmutations
 37989 | Spider:1 | Reached skill level 1 in Fire Magic
 38338 | Lair:3   | Reached skill level 5 in Staves
 39607 | Spider:1 | Blown up by an orb spider

Illustrated notes

Levels and vault maps discovered:
D:1:      tarquinn_simple_flora_water_b, layout_loops_ring, serial_rivers,
          chequers_serial_rivers_micro_b, chequers_serial_rivers_large_a,
          chequers_serial_rivers_micro_c, chequers_serial_rivers_micro_d,
          minmay_tetromino_i4
D:2:      layout_loops_corners, hellmonk_ecumenical_altar_run_dry,
          uniq_crazy_yiuf_cottage
D:3:      layout_loops_ring, hellmonk_ghost_happy_afterlife, st_stairs_8,
          chequers_serial_rivers_micro_d
D:4:      kb_forest_paths, layout_basic
D:5:      lemuel_insect_pit, layout_basic, minmay_temple_entry_arrows
D:6:      layout_rooms, nicolae_wu_jian_glorious_leap, uniq_edmund
D:7:      layout_rooms, ebering_ghost_gozag
D:8:      layout_cave_pools, lair_entry_dummy, serial_shops, shop,
          minmay_tree_intersection
D:9:      layout_loops_corners, zombieorc2_lemuel
D:10:     hellmonk_ruined_rings, layout_rooms, serial_shops, shop
D:11:     layout_cave_pools, serial_bayou, serial_bayou_pond_a,
          serial_bayou_pond_e, serial_bayou_crossing, serial_bayou_pond_e,
          serial_bayou_shore_a, gauntlet_entry_generic, bloody_makhleb
D:12:     layout_irregular_city, ploomutoo_gammafunk_ghost_potion_laboratory,
          kennysheep_cross_room, zin_scriptorium
D:13:     nicolae_BIG_FREAKIN_CUBE, layout_layer_cave, minivault_15,
          uniq_maurice
D:14:     layout_irregular_city, david_vaults_1, chequers_serial_rivers_micro_b
D:15:     grunt_enter_depths_magical_seal, layout_grid_maze,
          hangedman_decor_riveting
Temple:   mainiacjoe_temple_trianglar_array
Lair:1:   layout_regular_city, gammafunk_ghost_cemetery,
          chequers_serial_rivers_small_b, st_stairs_4,
          kennysheep_abandoned_house
Lair:2:   layout_big_grid, minmay_swamp_entry_worms,
          portal_ice_cave_entry_pillars_1, enter_volcano_3, uniq_amaemon
Lair:3:   layout_gridlike, spider_nest_entry_web_field, uniq_nergalle
Lair:4:   layout_cave_pods, basic_altar, infiniplex_staircase_pool_2,
          lemuel_fruit_fields, grunt_megastairs_3, uniq_nessos, uniq_urug
Lair:5:   minmay_lair_end_frog_pond, layout_regular_city,
          nicolae_slime_entry_slimehenge
Spider:1: layout_spider_delve, uniq_frances
Orc:1:    layout_caves
Orc:2:    st_orc_town, layout_diamond_mine, nicolae_orc_lava_tube

Skill      XL: |  1  2  3  4  5  6  7  8  9 10 11 12 13 14 15 |
---------------+----------------------------------------------+-----
Dodging        | 3 4 5 6 7 8 10 | 10.2
Conjurations   | 2 4 5 8 10 | 10.0
Spellcasting   | 4 5 6 7 8 10 12 | 12.0
Air Magic      | 4 5 6 7 9 10 12 | 12.3
Fighting       | 2 3 5 6 7 8 |  8.2
Shields        | 2 3 4 5 6 |  6.6
Invocations    | 4 7 9 |  9.3
Hexes          | 4 5 |  5.0
Armour         | 1 2 4 |  4.3
Evocations     | 2 6 9 11 | 11.3
Translocations | 4 |  4.3
Summonings     | 3 6 |  6.5
Staves         | 5 |  5.3
Poison Magic   | 5 |  5.9
Transmutations | 2 |  2.5
Fire Magic     | 2 |  2.5
Stealth        | |  2.4

Action                   |  1- 3 |  4- 6 |  7- 9 | 10-12 | 13-15 || total
-------------------------+-------+-------+-------+-------+-------++-------
Melee: Mace              |       |       |       |     9 |    68 ||    77
       Staff             |       |       |       |       |    24 ||    24
 Cast: Shock             |    59 |   133 |    92 |   445 |   361 ||  1090
       Airstrike         |       |     5 |    57 |   185 |   358 ||   605
       Swiftness         |       |       |       |     5 |     7 ||    12
       Dazzling Flash    |       |       |       |     6 |     1 ||     7
       Iskenderun's Myst |       |       |       |     1 |     6 ||     7
       Apportation       |       |       |       |     1 |     5 ||     6
       Static Discharge  |       |       |       |       |   171 ||   171
       Lightning Bolt    |       |       |       |       |    50 ||    50
       Call Canine Famil |       |       |       |       |    22 ||    22
       Olgreb's Toxic Ra |       |       |       |       |     2 ||     2
       Ignite Poison     |       |       |       |       |     2 ||     2
Invok: Divine Shield     |       |       |     1 |     2 |     1 ||     4
       Summon Divine War |       |       |       |       |     1 ||     1
Evoke: Wand              |       |       |       |    10 |     8 ||    18
  Use: Scroll            |       |     5 |    14 |    13 |     7 ||    39
       Potion            |       |       |     2 |     6 |    10 ||    18
Armor: Robe              |       |     5 |     8 |       |       ||    13
       Leather armour    |       |       |     5 |    10 |       ||    15
       Acid dragon scale |       |       |       |    93 |   172 ||   265
       Skin              |       |       |       |       |     5 ||     5
Dodge: Dodged            |     2 |    37 |    42 |   271 |   506 ||   858
Block: Buckler           |       |     2 |     5 |   109 |   303 ||   419
       Reflection        |       |       |       |       |    12 ||    12
